 Dungeon Crawl Stone Soup version 0.23.2-1-ga50397a (webtiles) character file.

Game seed: 12389724955510044808

91 stonz the Digger (level 4, -5/40 HPs)
             Began as a Troll Earth Elementalist on Apr 20, 2019.
             Slain by a phantom (9 damage)
             ... on level 4 of the Dungeon.
             The game lasted 00:09:49 (1220 turns).

stonz the Digger (Troll Earth Elementalist)         Turns: 1220, Time: 00:09:50

Health: -5/40      AC:  6    Str: 17    XL:     4   Next: 34%
Magic:  3/5        EV: 10    Int: 11    God:
Gold:   67         SH:  0    Dex: 10    Spells: 2/5 levels left

rFire    . . .     SeeInvis .   e - +0 club
rCold    . . .     Gourm    +   (no shield)
rNeg     . . .     Faith    .   c - +0 robe
rPois    .         Spirit   .   (helmet restricted)
rElec    .         Reflect  .   (no cloak)
rCorr    .         Harm     .   (gloves unavailable)
MR       .....                  (boots unavailable)
Stlth    +.........             (no amulet)
HPRegen  0.53/turn              g - ring of flight
MPRegen  0.09/turn              (no ring)

@: no status effects
A: large, unfitting armour, claws 3, fast metabolism 3, gourmand, regeneration
1, shaggy fur 1, tough skin 3
a: Evoke Flight


You were on level 4 of the Dungeon.
You were not hungry.

You visited 1 branch of the dungeon, and saw 3 of its levels.

You collected 67 gold pieces.

Inventory:

Hand Weapons
 e - a +0 club (weapon)
Missiles
 b - 119 stones (quivered)
Armour
 c - a +0 robe (worn)
Jewellery
 g - a ring of flight (left claw)
Scrolls
 h - a scroll of fear {unknown}
 i - 2 scrolls of noise {unknown}
 j - 2 scrolls of remove curse {unknown}
 k - a scroll of teleportation {unknown}
Potions
 a - a potion of haste {unknown}
 f - 2 potions of curing {unknown}
 l - a potion of lignification {unknown}
 m - a potion of invisibility {unknown}
 n - a potion of brilliance {unknown}
Comestibles
 d - 3 rations


   Skills:
 + Level 0.5 Fighting
 + Level 1.5 Maces & Flails
 + Level 0.2 Throwing
 + Level 2.5 Dodging
 + Level 1.1 Stealth
 + Level 1.4 Spellcasting
 + Level 0.6 Transmutations
 + Level 3.2 Earth Magic


You had 2 spell levels left.
You knew the following spells:

 Your Spells              Type           Power        Failure   Level  Hunger
a - Sandblast             Erth           #.....       9%          1    ##.....
b - Passwall              Tmut/Erth      #.......     22%         2    ###....

Your spell library contained the following spells:

 Spells                   Type           Power        Failure   Level  Hunger
 Magic Dart               Conj           #...         30%         1    ##.....
 Blink                    Tloc           N/A          43%         2    ###....
 Call Imp                 Summ           #.......     43%         2    ###....
 Slow                     Hex            #.......     43%         2    ###....
 Stone Arrow              Conj/Erth      #.....       43%         3    ####...
 Conjure Flame            Conj/Fire      #.......     67%         3    ####...
 Mephitic Cloud           Conj/Pois/Air  #.......     67%         3    ####...
 Petrify                  Tmut/Erth      #.......     80%         4    #####..
 Lee's Rapid Deconstruct  Erth           #.........   93%         5    ######.


Dungeon Overview and Level Annotations

Branches:
Dungeon (2/15)

Altars:

Shops:
D:4 :


Innate Abilities, Weirdness & Mutations

You are too large for most types of armour.
You have claws for hands.
Your metabolism is lightning-fast.
You like to eat raw meat.
Your natural rate of healing is unusually fast.
You are covered in fur. (AC +1)
You have extremely tough skin. (AC +3)


Message History

The phantom is moderately damaged.
b - 119 stones The phantom hits you.
* * * LOW HITPOINT WARNING * * *
You barely miss the phantom.
The phantom is moderately damaged.
The phantom hits you.
* * * LOW HITPOINT WARNING * * *
You hit the phantom but do no damage.
The phantom is moderately damaged.
The phantom hits you!
* * * LOW HITPOINT WARNING * * *
The phantom completely misses you.
You hit the phantom but do no damage.
The phantom is moderately damaged.
The phantom hits you but does no damage.
You completely miss the phantom.
The phantom is moderately damaged.
The phantom hits you!
You die...

.# .# .# .# (#
##(# #(.# #W##
.#.. #@# #%#. ##
#.# ##... .. #.#
#... . #.# #..# #
#.# #.<# #
#.####..##########
#.................
######.####...####
#.###.....###


You could see a phantom.

Vanquished Creatures
  A hound (D:4)
  An adder (D:2)
  An adder skeleton (D:4)
  A worm (D:2)
  2 dart slugs
  2 giant cockroaches
  6 goblins
  6 hobgoblins
  6 jackals (D:1)
  3 bats
  2 frilled lizards
  5 kobolds
  A quokka zombie (D:2)
  2 rats (D:1)
39 creatures vanquished.

Notes
Turn   | Place    | Note
-------+----------+-------------------------------------------
     0 | D:1      | stonz the Troll Earth Elementalist began the quest for the
                  | Orb.
     0 | D:1      | Reached XP level 1. HP: 16/16 MP: 1/1
    66 | D:1      | Reached skill level 3 in Earth Magic
    67 | D:1      | Reached XP level 2. HP: 21/24 MP: 0/2
   337 | D:1      | Reached XP level 3. HP: 24/31 MP: 1/3
   338 | D:1      | Reached skill level 1 in Maces & Flails
  1006 | D:2      | You fall through a shaft for 2 floors!
  1006 | D:4      | Found Lidappue's Book Emporium.
  1058 | D:4      | Reached XP level 4. HP: 20/40 MP: 2/5
  1065 | D:4      | Learned a level 2 spell: Passwall
  1116 | D:4      | Noticed a phantom
  1220 | D:4      | Slain by a phantom

Skill      XL: |  1  2  3 |
---------------+----------+-----
Earth Magic    | 3 |  3.2
Dodging        | 2 |  2.5
Maces & Flails | 1 |  1.5
Fighting       | |  0.5
Throwing       | |  0.2
Stealth        | |  1.1
Spellcasting   | |  1.4
Transmutations | |  0.6

Action                   |  1- 3 |  4- 6 || total
-------------------------+-------+-------++-------
Melee: Club              |   149 |    33 ||   182
Throw: Stone             |    11 |     6 ||    17
 Cast: Sandblast         |    23 |     2 ||    25
  Eat: Ration            |     1 |       ||     1
       Chunk             |    10 |       ||    10
Armor: Robe              |    95 |     7 ||   102
Dodge: Dodged            |   144 |    16 ||   160
